Map: Dystopian Complex

Players

udgu - Winner!

  • Race: Protoss Protoss

A.I. 1 (Very Hard)

  • Race: Protoss Protoss

WaSuDoKu - Winner!

  • Race: Zerg Zerg

A.I. 3 (Very Hard)

  • Race: Protoss Protoss

must - Winner!

  • Race: Terran Terran
  • League: Bronze

A.I. 5 (Very Hard)

  • Race: Terran Terran

inal - Winner!

  • Race: Protoss Protoss

A.I. 7 (Very Hard)

  • Race: Zerg Zerg

heretic - Winner!

  • Race: Terran Terran

A.I. 9 (Very Hard)

  • Race: Terran Terran

VOD

Have the link to the VOD?

Description

Time

  • Played on: Oct. 2, 2026, 1:32 p.m.
  • Length: 27:45
Show
View Real Time Build Order
Export as new Build Order

udgu Protoss - Winner!

Build Orders:  

Get SALT Encoding   

  8  0:01  Probe (Chrono Boost)  
  9  0:14  Probe (Chrono Boost)  
  10  0:29  Pylon, Probe  
  11  0:42  Probe  
  12  0:53  Gateway  
  12  0:55  Probe (Chrono Boost)  
  13  1:07  Probe (Chrono Boost)  
  13  1:09  Assimilator  
  14  1:15  Probe (Chrono Boost)  
  15  1:25  Probe  
  16  1:49  Nexus  
  17  1:54  Probe  
  17  2:00  Assimilator  
  17  2:10  Cybernetics Core  
  17  2:16  Assimilator  
  17  2:17  Probe  
  18  2:32  Pylon  
  18  2:39  Probe  
  18  2:40  Warp Gate (Chrono Boost)  
  19  2:52  Probe  
  19  2:58  Stalker  
  22  3:08  Probe  
  23  3:13  Probe  
  24  3:26  Probe  
  25  3:38  Probe  
  25  3:39  Probe  
  27  3:49  Assimilator  
  27  3:52  Assimilator  
  27  3:56  Probe  
  28  4:03  Robotics Facility  
  28  4:05  Pylon  
  28  4:08  Probe x2  
  30  4:27  Gateway x2  
  30  4:30  Probe  
  30  4:31  Probe  
  32  4:42  Probe  
  32  4:43  Probe  
  34  4:51  Immortal (Chrono Boost)  
  38  5:00  Pylon  
  38  5:24  Stalker x2  
  42  5:30  Stalker  
  38  5:40  Probe x2  
  36  5:53  Stalker  
  36  5:54  Immortal (Chrono Boost), Stalker x2  
  47  6:04  Probe  
  47  6:05  Probe  
  48  6:24  Stalker x2  
  48  6:25  Stalker  
  54  6:28  Immortal (Chrono Boost)  
  58  6:35  Pylon  
  58  6:40  Pylon  
  58  6:48  Nexus  
  58  6:52  Assimilator  
  58  6:56  Probe x2  
  58  6:57  Assimilator  
  58  7:00  Stalker x2  
  58  7:01  Stalker  
  66  7:05  Pylon  
  66  7:06  Immortal (Chrono Boost)  
  66  7:08  Probe  
  71  7:16  Forge  
  71  7:33  Gateway  
  71  7:34  Gateway  
  71  7:42  Robotics Facility  
  43  8:11  Stalker  
  43  8:12  Stalker x2  
  49  8:18  Immortal  
  53  8:27  Stalker x2  
  53  8:31  Protoss Ground Weapons Level 1 (Chrono Boost)  
  53  8:32  Probe  
  58  8:43  Twilight Council, Probe  
  58  8:46  Probe x2  
  61  8:49  Immortal  
  61  8:54  Stalker  
  61  8:55  Stalker  
  69  9:05  Immortal  
  73  9:21  Stalker x3  
  73  9:22  Stalker  
  73  9:33  Stalker  
  75  9:39  Probe  
  75  9:42  Probe x2  
  78  9:51  Probe, Immortal  
  83  9:55  Observer  
  84  10:03  Probe  
  84  10:05  Blink (Chrono Boost)  
  85  10:15  Probe  
  85  10:18  Protoss Ground Armor Level 1 (Chrono Boost)  
  85  10:20  Stalker x3  
  85  10:21  Stalker  
  94  10:27  Pylon, Probe  
  95  10:28  Pylon  
  95  10:30  Pylon  
  95  10:34  Gateway  
  95  10:49  Probe  
  97  10:50  Probe x2  
  97  10:52  Stalker x2  
  97  10:53  Stalker  
  96  11:07  Stalker x2  
  96  11:10  Immortal  
  96  11:11  Immortal  
  80  11:33  Stalker x2  
  80  11:34  Stalker  
  80  11:35  Stalker  
  80  11:39  Probe x2  
  91  11:40  Probe  
  91  11:53  Immortal x2  
  99  11:54  Charge  
  99  12:06  Zealot  
  99  12:07  Zealot x3  
  107  12:08  Zealot  
  105  12:27  Stalker  
  107  12:34  Probe x3  
  107  12:36  Immortal x2  
  118  12:51  Nexus  
  118  12:54  Pylon  
  118  12:56  Protoss Shields Level 1 (Chrono Boost), Pylon  
  118  13:13  Stalker  
  118  13:14  Stalker  
  118  13:15  Stalker, Zealot x2  
  118  13:16  Zealot  
  130  13:34  Immortal  
  134  13:40  Pylon  
  134  13:43  Pylon  
  134  13:45  Pylon  
  134  13:58  Immortal  
  138  14:07  Assimilator  
  138  14:09  Assimilator  
  114  14:38  Pylon  
  114  14:45  Protoss Ground Weapons Level 2 (Chrono Boost)  
  112  14:52  Stalker x2  
  116  14:53  Stalker x2  
  116  14:54  Zealot x2  
  94  15:20  Stalker x2  
  94  15:21  Stalker x3  
  92  15:22  Stalker  
  80  15:43  Immortal x2 (Chrono Boost)  
  80  15:47  Stalker x2  
  80  15:48  Stalker x2  
  80  15:49  Stalker  
  86  15:51  Stalker  
  88  15:58  Gateway  
  88  15:59  Gateway  
  88  16:04  Gateway  
  88  16:11  Zealot x3  
  92  16:12  Stalker  
  92  16:13  Stalker x2  
  100  16:20  Nexus  
  100  16:26  Pylon  
  100  16:27  Pylon  
  100  16:29  Pylon  
  100  16:41  Forge  
  100  16:44  Immortal x2  
  108  16:49  Stalker x3  
  108  16:50  Stalker x2  
  108  16:51  Stalker  
  108  16:52  Protoss Ground Armor Level 2 (Chrono Boost)  
  120  16:55  Pylon  
  120  16:56  Assimilator  
  120  16:57  Pylon, Assimilator  
  120  16:58  Pylon  
  109  17:23  Immortal x2  
  109  17:28  Stalker  
  109  17:29  Stalker x2  
  111  17:30  Stalker x2  
  111  17:31  Stalker  
  115  18:08  Immortal  
  115  18:09  Immortal  
  123  18:19  Pylon  
  91  18:37  Stalker  
  91  18:38  Stalker x3  
  91  18:39  Stalker x2  
  103  18:48  Immortal x2  
  111  19:01  Stalker x2  
  111  19:02  Stalker x2  
  119  19:03  Stalker, Zealot  
  123  19:12  Protoss Shields Level 2 (Chrono Boost)  
  120  19:17  Protoss Ground Weapons Level 3 (Chrono Boost)  
  120  19:28  Stalker  
  120  19:29  Stalker x3  
  120  19:30  Stalker x2  
  118  19:50  Nexus  
  90  20:28  Stalker x2  
  90  20:29  Stalker x2  
  90  20:30  Stalker x2  
  90  20:32  Immortal  
  90  20:33  Immortal  
  110  21:18  Stalker x2  
  112  21:19  Stalker  
  112  21:20  Stalker x3  
  118  21:27  Pylon, Immortal x2  
  120  21:39  Protoss Ground Armor Level 3 (Chrono Boost)  
  120  22:06  Probe x2  
  122  22:13  Assimilator  
  122  22:15  Assimilator  
  122  22:30  Stalker x3  
  122  22:31  Stalker x3  
  114  23:15  Stalker x3  
  114  23:16  Zealot x2  
  114  23:17  Zealot  
  116  23:25  Immortal x2  
  124  23:47  Stalker x2  
  124  23:48  Stalker  
  130  23:49  Zealot x3  
  130  23:54  Protoss Shields Level 3 (Chrono Boost)  
  136  24:04  Immortal x2  
  144  24:15  Pylon  
  144  24:35  Stalker  
  144  24:36  Stalker x2  
  144  24:38  Zealot x3  
  152  24:42  Gateway  
  152  24:44  Gateway  
  144  25:01  Pylon  
  144  25:04  Pylon  
  144  25:11  Nexus  
  144  25:29  Immortal  
  144  25:30  Immortal, Pylon  
  150  26:20  Stalker x2, Assimilator  
  150  26:21  Stalker, Zealot  
  150  26:22  Zealot  
  160  26:25  Assimilator  
  160  26:26  Pylon  
  160  26:27  Zealot  
  160  26:32  Immortal x2  
  170  27:12  Zealot x4  
  170  27:13  Zealot x2  
  170  27:14  Zealot x2  
  170  27:15  Zealot  
Show
View Real Time Build Order
Export as new Build Order

A.I. 1 (Very Hard) Protoss 

Build Orders:  

Get SALT Encoding   

  8  0:01  Probe  
  9  0:13  Probe  
  10  0:25  Probe  
  11  0:37  Probe  
  12  0:48  Pylon  
  12  0:49  Probe  
  13  1:02  Probe  
  13  1:10  Probe  
  13  1:11  Gateway  
  15  1:19  Assimilator  
  15  1:20  Probe  
  16  1:32  Probe  
  17  1:35  Pylon  
  17  1:44  Probe  
  18  1:56  Probe  
  19  2:02  Zealot  
  19  2:04  Cybernetics Core, Probe  
  22  2:12  Probe  
  23  2:23  Probe  
  24  2:33  Gateway  
  24  2:35  Probe  
  25  2:53  Pylon  
  25  2:57  Zealot, Nexus  
  25  3:00  Warp Gate  
  27  3:07  Probe  
  28  3:19  Probe  
  29  3:20  Stalker  
  31  3:31  Probe  
  31  3:32  Assimilator  
  31  3:43  Probe  
  31  3:44  Stalker  
  34  3:54  Pylon  
  34  3:55  Probe  
  35  4:05  Probe  
  35  4:06  Gateway  
  35  4:08  Probe  
  37  4:13  Probe  
  37  4:14  Stalker  
  39  4:21  Probe  
  41  4:25  Probe, Stalker  
  44  4:33  Probe  
  44  4:37  Probe  
  46  4:41  Stalker  
  46  4:45  Probe  
  49  4:49  Probe  
  50  4:57  Probe, Stalker  
  53  5:01  Probe  
  53  5:02  Stalker  
  53  5:06  Probe  
  56  5:13  Probe  
  58  5:16  Pylon  
  58  5:20  Pylon  
  58  5:26  Forge  
  58  5:34  Probe x2  
  60  5:38  Stalker  
  62  5:43  Stalker  
  62  5:47  Probe  
  62  5:49  Twilight Council  
  65  5:51  Adept  
  67  6:06  Pylon  
  67  6:12  Photon Cannon  
  67  6:14  Assimilator  
  67  6:18  Photon Cannon  
  67  6:20  Assimilator  
  67  6:21  Probe x2  
  69  6:27  Zealot  
  69  6:29  Probe  
  69  6:30  Templar Archives, Probe  
  71  6:33  Pylon  
  71  6:39  Probe  
  74  6:50  Sentry  
  74  6:52  Zealot, Probe  
  74  6:53  Adept, Probe  
  82  7:00  Pylon  
  82  7:04  Probe  
  83  7:12  High Templar  
  83  7:14  Zealot  
  83  7:15  Sentry  
  89  7:18  Probe  
  89  7:19  Probe  
  89  7:22  Robotics Facility  
  91  7:30  Probe, Zealot  
  91  7:32  Pylon  
  91  7:33  High Templar  
  92  7:38  Forge  
  82  7:47  Zealot  
  82  7:49  Zealot  
  86  7:59  Pylon  
  86  8:00  Nexus  
  86  8:03  Zealot  
  88  8:09  Immortal  
  88  8:10  Zealot  
  88  8:11  Stalker  
  96  8:14  Archon  
  96  8:25  High Templar  
  98  8:30  Zealot  
  98  8:31  Pylon  
  98  8:32  Zealot  
  102  8:46  Stalker  
  102  8:48  Observer  
  104  8:51  High Templar  
  104  8:54  Adept  
  109  8:58  Pylon  
  109  9:00  Archon  
  109  9:01  Pylon  
  109  9:06  Immortal  
  109  9:08  High Templar  
  115  9:11  Gateway  
  115  9:15  Probe x2  
  115  9:16  Probe  
  118  9:19  Zealot, Photon Cannon  
  120  9:25  Assimilator, Probe  
  120  9:27  Probe  
  120  9:30  Zealot  
  125  9:31  Probe  
  125  9:36  Zealot  
  125  9:38  Pylon, Probe  
  127  9:39  Probe  
  127  9:43  Adept, Probe  
  136  9:45  Immortal, Stalker  
  136  9:47  Assimilator  
  136  9:51  Probe  
  139  9:57  Probe  
  139  9:58  Probe  
  141  10:01  Zealot  
  141  10:02  High Templar  
  141  10:03  Probe  
  141  10:05  Pylon  
  141  10:06  Zealot  
  148  10:07  Zealot  
  150  10:15  Photon Cannon  
  150  10:20  Probe  
  151  10:22  Probe  
  151  10:23  Probe  
  151  10:24  Sentry  
  151  10:25  Immortal  
  159  10:29  Pylon  
  159  10:37  Photon Cannon  
  159  10:46  Archon  
  159  10:50  Stalker  
  161  11:03  Observer  
  150  11:04  Zealot  
  150  11:06  Zealot  
  150  11:10  Zealot  
  138  11:13  Zealot  
  138  11:17  Pylon  
  121  11:21  Warp Prism  
  121  11:22  Stargate  
  121  11:24  Adept  
  107  11:30  Adept  
  97  11:32  Zealot  
  97  11:36  Sentry  
  97  11:39  Stalker  
  103  11:46  High Templar  
  105  11:52  Stalker  
  107  11:55  Zealot  
  107  11:57  Immortal  
  113  12:01  Zealot  
  113  12:05  Void Ray  
  119  12:11  Adept  
  119  12:14  Photon Cannon  
  121  12:19  Zealot  
  121  12:20  Stalker  
  125  12:24  Sentry  
  127  12:33  Zealot  
  127  12:37  Immortal, Stalker  
  133  12:40  Void Ray  
  133  12:41  High Templar  
  137  12:49  Zealot  
  137  12:50  Nexus  
  143  12:58  Zealot  
  143  12:59  Sentry  
  143  13:05  Archon  
  147  13:07  Photon Cannon  
  147  13:08  High Templar  
  147  13:12  Adept  
  151  13:15  Warp Prism  
  151  13:19  Photon Cannon  
  153  13:20  High Templar  
  153  13:22  Stalker  
  153  13:23  Void Ray  
  161  13:28  Pylon  
  161  13:29  Archon  
  161  13:31  Zealot  
  163  13:43  Stalker  
  163  13:46  Zealot  
  163  13:47  Zealot  
  169  13:50  Gateway  
  169  13:51  Observer  
  169  13:53  Zealot  
  172  14:01  Zealot  
  174  14:05  High Templar, Photon Cannon  
  174  14:06  Void Ray  
  174  14:08  Void Ray  
  180  14:10  High Templar  
  180  14:11  Observer  
  180  14:13  Zealot  
  180  14:16  Void Ray  
  185  14:23  Stalker  
  187  14:26  Assimilator  
  187  14:30  Immortal  
  191  14:32  Zealot  
  191  14:34  Pylon  
  193  14:38  Zealot  
  195  14:46  Zealot  
  195  14:52  Assimilator  
  197  15:03  Zealot  
  197  15:05  Photon Cannon  
  197  15:09  Nexus  
  197  15:16  Zealot  
  197  15:18  Zealot  
  197  15:21  Zealot, Immortal  
  191  15:24  Zealot  
  191  15:26  Zealot, Gateway  
  177  15:34  Sentry  
  177  15:35  Photon Cannon  
  157  15:40  Void Ray  
  157  15:41  Stalker  
  124  15:44  Zealot  
  117  15:50  High Templar  
  117  15:51  Zealot  
  117  15:57  Stalker  
  123  16:01  Immortal  
  127  16:04  Zealot  
  127  16:09  High Templar, Pylon  
  131  16:13  Sentry  
  131  16:15  Stalker  
  131  16:17  Void Ray, Zealot  
  137  16:19  Stalker  
  143  16:28  Adept  
  145  16:35  Zealot  
  145  16:36  Assimilator, Zealot  
  149  16:41  Immortal, Adept  
  149  16:45  Archon  
  149  16:46  Adept  
  157  16:48  High Templar  
  157  16:50  High Templar  
  157  16:52  Pylon  
  161  16:55  Void Ray  
  161  16:59  Photon Cannon, Sentry  
  167  17:04  Archon, Photon Cannon  
  167  17:05  Stalker  
  167  17:08  Stalker  
  171  17:09  High Templar  
  171  17:10  Photon Cannon  
  171  17:13  Assimilator  
  171  17:14  Immortal  
  171  17:15  Nexus, Zealot  
  179  17:29  Void Ray, Zealot  
  181  17:32  High Templar  
  181  17:34  Zealot  
  181  17:35  Zealot  
  181  17:36  Photon Cannon  
  187  17:43  Archon  
  191  17:45  High Templar  
  191  17:49  Observer  
  193  17:53  Pylon  
  193  17:56  High Templar  
  196  18:03  Zealot  
  198  18:07  Observer  
  198  18:20  Observer  
  198  18:25  Zealot  
  198  18:26  Stalker, Photon Cannon  
  195  18:27  Zealot  
  195  18:29  Zealot  
  195  18:30  Immortal, Zealot  
  195  18:32  Stalker  
  183  18:34  Photon Cannon  
  183  18:39  Archon  
  187  18:41  High Templar  
  187  18:47  Zealot  
  191  18:48  Zealot  
  191  18:49  Photon Cannon  
  191  18:50  Zealot  
  191  18:52  Assimilator  
  191  18:54  High Templar  
  191  18:55  Void Ray  
  197  19:04  Pylon  
  197  19:10  Assimilator  
  197  19:13  Archon  
  197  19:16  High Templar  
  199  19:20  Robotics Facility  
  199  19:28  Immortal, Forge  
  195  19:42  Photon Cannon  
  199  20:01  Pylon  
  199  20:26  Nexus  
  199  20:31  Stalker  
  199  20:32  High Templar  
  199  20:33  Zealot  
  199  20:35  Probe  
  192  20:39  Zealot  
  192  20:41  Zealot  
  198  20:43  Immortal  
  198  20:46  High Templar  
  198  20:47  Probe  
  198  20:49  Immortal  
  199  20:50  Probe  
  199  20:51  Probe  
  199  20:52  Probe  
  199  20:53  Probe  
  199  20:56  Stalker  
  195  20:59  Probe, Zealot  
  195  21:02  Probe  
  195  21:04  Zealot  
  155  21:05  Stalker  
  155  21:06  Zealot  
  97  21:18  Adept  
  97  21:19  Adept  
  97  21:22  Immortal, Stalker, Void Ray  
  97  21:23  Stalker  
  97  21:25  Probe  
  101  21:27  Immortal  
  101  21:30  Sentry  
  107  21:32  Stalker  
  107  21:39  Zealot  
  111  21:40  Zealot  
  111  21:43  Zealot  
  111  21:45  Zealot  
  113  21:57  Sentry  
  113  21:58  Stalker  
  113  22:00  Sentry  
  117  22:01  Void Ray  
  117  22:04  Sentry  
  117  22:05  High Templar  
  117  22:07  High Templar  
  127  22:14  Immortal  
  127  22:19  Immortal, Adept  
  127  22:20  Stalker  
  131  22:23  Stalker  
  131  22:24  Nexus  
  129  22:38  Sentry  
  129  22:39  Assimilator  
  129  22:41  Void Ray, Sentry  
  129  22:42  High Templar  
  135  22:44  Sentry  
  135  22:47  Zealot  
  135  22:48  Stalker  
  145  22:57  Zealot  
  143  23:00  Pylon, Adept  
  141  23:07  Immortal  
  141  23:08  Immortal  
  141  23:09  Void Ray  
  149  23:17  Stalker  
  149  23:19  Stalker  
  119  23:23  Stalker  
  119  23:27  High Templar  
  113  23:28  Zealot  
  113  23:31  High Templar  
  117  23:35  Zealot  
  117  23:37  Pylon  
  117  23:38  Probe  
  117  23:39  Sentry  
  117  23:40  Probe  
  117  23:41  Probe  
  117  23:45  Sentry  
  117  23:47  Probe, Immortal  
  114  23:51  Probe  
  114  23:53  Zealot, Probe  
  114  23:54  Probe  
  122  23:56  Immortal  
  122  23:59  Probe  
  122  24:00  Probe x2  
  122  24:02  Void Ray  
  133  24:06  Sentry  
  133  24:07  Probe  
  133  24:08  Probe  
  133  24:09  Probe  
  115  24:12  Probe  
  115  24:16  Stalker  
  107  24:17  Zealot  
  107  24:18  Zealot  
  107  24:19  Stalker  
  107  24:20  Sentry  
  107  24:21  Probe  
  107  24:22  Stalker  
  90  24:24  Adept  
  90  24:25  Probe  
  90  24:26  Probe, Immortal  
  90  24:27  Probe  
  90  24:29  Stalker  
  93  24:35  Probe  
  100  24:41  Probe  
  100  24:45  Zealot  
  103  24:46  Zealot  
  103  24:47  Probe  
  103  24:48  Zealot  
  101  24:53  Probe, Zealot  
  101  24:59  Probe  
  94  25:03  Zealot  
  94  25:05  Probe  
  64  25:14  Probe  
  25  25:22  Probe  
Show
View Real Time Build Order
Export as new Build Order

WaSuDoKu Zerg - Winner!

Build Orders: Hatch First 

Get SALT Encoding   

  8  0:02  Drone  
  9  0:10  Drone  
  10  0:16  Drone  
  11  0:34  Drone  
  12  0:37  Extractor  
  12  0:42  Drone  
  12  0:48  Overlord  
  13  1:06  Drone x3  
  17  1:25  Drone  
  17  1:27  Hatchery  
  16  1:33  Drone  
  17  1:46  Spawning Pool  
  16  1:47  Drone  
  16  1:51  Drone  
  18  1:54  Extractor  
  18  1:56  Drone  
  18  2:07  Drone  
  19  2:18  Drone  
  20  2:38  Hatchery, Queen  
  21  2:45  Queen  
  23  2:53  Drone  
  24  3:00  Overlord  
  24  3:12  Overlord  
  24  3:18  Drone x2  
  24  3:19  Drone x3  
  29  3:30  Drone x2  
  31  3:36  Metabolic Boost  
  31  3:39  Zergling x4  
  33  3:50  Drone x3  
  36  3:58  Drone  
  36  3:59  Drone x5  
  42  4:02  Overlord  
  42  4:14  Lair  
  42  4:17  Overlord, Drone  
  42  4:18  Drone  
  43  4:46  Queen x2  
  47  4:58  Drone x7  
  47  4:59  Overlord x2  
  54  5:00  Drone  
  54  5:06  Roach Warren  
  54  5:09  Extractor  
  53  5:16  Zergling x12  
  59  5:38  Queen  
  61  5:43  Evolution Chamber  
  61  5:47  Glial Reconstitution  
  60  5:50  Roach x7  
  60  5:53  Drone, Overlord x3  
  75  6:14  Zerg Ground Armor Level 1  
  75  6:19  Infestation Pit  
  74  6:33  Hydralisk Den  
  74  6:35  Extractor  
  74  6:38  Overlord, Extractor  
  74  6:39  Drone x3, Overlord x2  
  74  6:40  Overlord  
  74  6:42  Drone x8  
  74  6:46  Extractor  
  81  6:49  Extractor  
  73  7:38  Roach x15  
  99  7:54  Zergling x2  
  99  7:55  Roach x7  
  114  8:00  Zergling x2  
  114  8:02  Zergling x4  
  91  8:35  Roach x8  
  91  8:36  Roach x3  
  99  8:55  Zergling x18  
  108  9:05  Grooved Spines  
  108  9:06  Tunneling Claws  
  108  9:11  Hive  
  108  9:14  Pneumatized Carapace  
  108  9:35  Hatchery  
  107  9:44  Drone x9  
  107  9:45  Drone, Overlord x3  
  117  9:46  Drone  
  117  9:47  Roach x3  
  117  9:48  Roach x4  
  126  9:55  Muscular Augments  
  110  10:07  Roach x4  
  110  10:08  Roach x4  
  109  10:25  Hydralisk  
  109  10:26  Hydralisk x8  
  109  10:46  Overseer  
  109  10:47  Overseer x2  
  109  10:57  Ravager  
  109  11:00  Ravager  
  111  11:13  Drone x10  
  111  11:14  Overlord x2  
  111  11:15  Hydralisk  
  111  11:16  Hydralisk x6  
  135  11:23  Zerg Missile Weapons Level 1  
  135  11:29  Evolution Chamber  
  105  11:56  Roach x9  
  103  12:11  Roach  
  103  12:12  Roach x8  
  87  12:26  Unknown, Hydralisk x5  
  86  12:37  Extractor  
  86  12:40  Extractor  
  86  12:43  Zerg Ground Armor Level 2  
  76  13:06  Queen  
  78  13:15  Ultralisk Cavern  
  77  13:21  Drone x8  
  77  13:22  Drone x5  
  77  13:24  Hydralisk x7  
  102  13:51  Extractor  
  102  13:52  Hydralisk x10  
  121  14:12  Chitinous Plating  
  121  14:17  Ultralisk  
  121  14:18  Ultralisk x4  
  121  14:21  Zerg Missile Weapons Level 2  
  143  14:40  Roach  
  143  14:41  Roach x13  
  143  14:42  Roach  
  145  15:31  Anabolic Synthesis  
  145  15:35  Ultralisk x4  
  157  16:04  Ultralisk  
  157  16:07  Drone x2  
  157  16:08  Drone, Overlord x2  
  157  16:09  Overlord x4, Hatchery  
  155  16:14  Queen  
  149  16:42  Ultralisk x5  
  149  16:44  Zergling x14  
  149  16:45  Zergling x8  
  190  16:48  Extractor  
  190  16:51  Extractor  
  190  16:52  Adrenal Glands  
  188  16:59  Zerg Melee Weapons Level 1  
  186  17:18  Hydralisk  
  186  17:19  Hydralisk x6  
  167  17:55  Hydralisk  
  167  17:56  Hydralisk x9  
  167  17:57  Hydralisk  
  189  18:06  Drone x10  
  199  18:58  Hatchery x2  
  199  18:59  Extractor  
  199  19:00  Extractor  
  195  19:07  Queen  
  197  19:21  Zerg Missile Weapons Level 3  
  197  19:22  Zerg Melee Weapons Level 2  
  197  20:15  Hydralisk  
  175  20:43  Hydralisk  
  175  20:44  Hydralisk x11  
  163  21:10  Ultralisk  
  163  21:11  Ultralisk x5  
  199  21:13  Drone  
  192  21:52  Queen  
  192  22:03  Queen  
  194  22:12  Queen  
  192  22:30  Ultralisk  
  194  22:49  Ultralisk  
  200  23:06  Extractor  
  185  23:55  Ultralisk  
  185  23:56  Ultralisk x2  
  185  23:57  Hydralisk  
  199  24:12  Zerg Ground Armor Level 3  
  199  24:14  Zerg Melee Weapons Level 3  
  187  24:30  Extractor  
  186  24:33  Extractor  
  185  24:38  Queen  
  185  24:43  Ultralisk x2  
  199  24:50  Hatchery  
  198  25:03  Hydralisk  
  198  25:28  Overseer  
  198  25:36  Hydralisk  
Show
View Real Time Build Order
Export as new Build Order

A.I. 3 (Very Hard) Protoss 

Build Orders:  

Get SALT Encoding   

  8  0:01  Probe  
  9  0:13  Probe  
  10  0:25  Probe  
  11  0:37  Probe  
  12  0:47  Pylon  
  12  0:49  Probe  
  13  1:01  Probe  
  13  1:09  Probe  
  13  1:11  Gateway  
  15  1:19  Probe  
  16  1:31  Probe  
  17  1:43  Probe  
  17  1:45  Assimilator  
  18  1:48  Pylon  
  18  1:55  Probe  
  19  2:03  Probe  
  20  2:09  Nexus  
  20  2:25  Cybernetics Core, Probe  
  21  2:34  Zealot  
  23  2:46  Gateway  
  23  2:47  Probe  
  24  2:56  Pylon  
  24  2:59  Probe  
  24  3:02  Zealot  
  25  3:07  Probe  
  25  3:12  Warp Gate  
  28  3:15  Probe  
  29  3:22  Stalker  
  29  3:27  Probe  
  29  3:31  Probe  
  33  3:37  Assimilator  
  33  3:39  Probe  
  34  3:42  Adept  
  34  3:46  Probe  
  37  3:53  Probe  
  38  3:58  Adept, Pylon  
  38  4:01  Probe  
  41  4:05  Adept  
  41  4:06  Probe  
  44  4:18  Probe  
  44  4:20  Probe  
  46  4:30  Probe, Adept  
  49  4:33  Probe, Robotics Facility  
  49  4:34  Adept  
  52  4:42  Probe  
  52  4:45  Probe  
  54  4:46  Pylon  
  54  4:54  Probe  
  54  4:57  Probe  
  56  5:07  Probe  
  56  5:08  Stalker  
  56  5:10  Probe, Pylon  
  60  5:14  Stalker  
  62  5:23  Immortal  
  62  5:26  Twilight Council  
  66  5:29  Assimilator  
  66  5:30  Stalker  
  68  5:36  Pylon  
  68  5:37  Probe  
  69  5:45  Probe  
  69  5:46  Assimilator  
  70  5:54  Probe  
  70  5:55  Gateway  
  71  5:57  Probe  
  71  5:59  Pylon  
  72  6:05  Dark Shrine  
  72  6:06  Probe  
  72  6:09  Probe  
  74  6:18  Zealot, Probe  
  76  6:19  Zealot  
  76  6:21  Probe  
  80  6:26  Pylon  
  80  6:27  Probe  
  81  6:33  Probe  
  81  6:34  Sentry  
  84  6:40  Zealot  
  84  6:41  Probe  
  84  6:46  Probe, Sentry  
  90  6:52  Pylon  
  90  6:53  Zealot  
  92  7:02  Forge, Stalker  
  92  7:07  Forge  
  92  7:08  Stalker  
  96  7:09  Observer  
  96  7:15  Pylon, Stalker  
  99  7:24  Dark Templar  
  99  7:30  Stalker  
  77  7:38  Stalker  
  69  7:48  Pylon  
  69  7:50  Nexus  
  69  7:51  Zealot  
  69  7:52  Stalker  
  73  8:00  Immortal, Stalker  
  79  8:12  Adept  
  81  8:14  Stalker  
  83  8:23  Sentry  
  85  8:29  Immortal  
  85  8:35  Zealot  
  85  8:37  Sentry  
  85  8:40  Adept  
  95  8:47  Pylon  
  95  8:57  Zealot  
  95  8:58  Zealot  
  95  8:59  Photon Cannon, Adept  
  101  9:03  Immortal  
  101  9:05  Probe x2  
  101  9:06  Probe  
  101  9:08  Assimilator  
  108  9:15  Sentry  
  108  9:17  Pylon, Probe  
  111  9:18  Probe  
  111  9:19  Assimilator  
  111  9:20  Probe  
  111  9:21  Dark Templar  
  111  9:23  Zealot  
  117  9:29  Probe  
  117  9:30  Probe  
  119  9:33  Probe  
  119  9:35  Stalker  
  119  9:36  Photon Cannon  
  119  9:37  Immortal  
  120  9:41  Probe  
  120  9:43  Probe  
  120  9:45  Probe, Zealot  
  127  9:50  Pylon  
  125  9:52  Stalker  
  125  9:53  Probe  
  125  9:55  Probe  
  125  9:57  Probe, Zealot  
  125  9:58  Photon Cannon  
  132  10:01  Probe  
  127  10:08  Zealot  
  127  10:10  Zealot  
  123  10:17  Immortal  
  123  10:20  Sentry  
  121  10:22  Pylon  
  109  10:32  Stalker, Sentry  
  105  10:42  Zealot  
  97  10:47  Immortal  
  97  10:48  Stalker  
  97  10:49  Pylon  
  99  10:51  Adept  
  99  10:55  Gateway  
  103  11:05  Zealot  
  103  11:07  Zealot, Adept  
  107  11:24  Stargate, Immortal  
  107  11:27  Adept  
  107  11:29  Sentry  
  107  11:30  Dark Templar  
  113  11:36  Photon Cannon  
  117  11:46  Dark Templar  
  118  11:48  Pylon  
  118  11:52  Stalker  
  118  11:53  Zealot, Immortal  
  122  12:07  Zealot  
  122  12:08  Zealot  
  130  12:14  Void Ray  
  130  12:15  Zealot  
  136  12:18  Archon  
  136  12:22  Zealot  
  138  12:26  Pylon  
  138  12:27  Immortal, Adept  
  140  12:30  Zealot  
  140  12:33  Photon Cannon  
  140  12:36  Nexus  
  146  12:37  Sentry  
  146  12:44  Photon Cannon, Dark Templar  
  150  12:51  Dark Templar  
  150  12:52  Photon Cannon, Zealot  
  154  12:58  Void Ray  
  154  13:02  Zealot, Immortal  
  154  13:03  Photon Cannon  
  164  13:13  Pylon  
  164  13:14  Zealot  
  166  13:20  Zealot  
  166  13:24  Zealot  
  170  13:27  Stalker  
  170  13:31  Warp Prism  
  172  13:35  Stalker  
  172  13:37  Stalker  
  176  13:41  Pylon  
  176  13:42  Void Ray  
  176  13:47  Zealot  
  184  13:54  Probe  
  184  13:55  Zealot  
  187  13:58  Stalker, Assimilator  
  187  13:59  Warp Prism, Sentry  
  191  14:07  Stalker  
  195  14:15  Pylon  
  195  14:17  Assimilator  
  195  14:18  Zealot  
  195  14:25  Void Ray  
  195  14:27  Zealot  
  195  14:31  Stalker  
  181  14:32  Adept  
  181  14:36  Observer  
  166  14:40  Zealot  
  134  14:49  Zealot  
  134  14:51  Immortal  
  112  14:53  Sentry  
  112  14:54  Zealot  
  106  15:03  Sentry  
  106  15:05  Stalker  
  105  15:08  Void Ray  
  105  15:09  Zealot  
  105  15:10  Zealot  
  113  15:24  Immortal, Stalker  
  113  15:26  Zealot  
  117  15:28  Zealot  
  117  15:33  Zealot  
  125  15:48  Adept  
  125  15:49  Dark Templar  
  129  15:51  Zealot, Void Ray  
  129  15:53  Photon Cannon  
  129  15:55  Sentry  
  137  16:03  Immortal  
  141  16:05  Zealot  
  141  16:07  Pylon  
  143  16:14  Zealot  
  143  16:17  Dark Templar  
  143  16:18  Zealot  
  149  16:23  Sentry  
  151  16:32  Stalker  
  153  16:35  Photon Cannon  
  153  16:37  Void Ray, Immortal  
  157  16:40  Zealot  
  157  16:42  Photon Cannon  
  163  16:47  Sentry  
  163  16:52  Photon Cannon, Adept  
  167  16:54  Stalker  
  169  17:01  Nexus  
  169  17:05  Adept  
  171  17:12  Immortal  
  171  17:16  Zealot  
  171  17:17  Zealot  
  171  17:19  Stalker, Void Ray  
  159  17:24  Dark Templar  
  121  17:37  Zealot  
  121  17:38  Zealot  
  121  17:41  Immortal, Zealot  
  131  17:52  Zealot  
  131  17:53  Void Ray  
  133  17:59  Zealot  
  133  18:01  Zealot  
  133  18:04  Zealot  
  142  18:15  Zealot  
  144  18:21  Observer  
  144  18:23  Sentry  
  144  18:25  Zealot  
  149  18:27  Zealot  
  149  18:32  Stalker  
  153  18:36  Void Ray  
  153  18:40  Immortal  
  161  18:43  Zealot  
  161  18:45  Zealot  
  164  18:49  Zealot  
  164  18:50  Void Ray  
  166  19:02  Zealot  
  147  19:04  Stalker  
  147  19:05  Dark Templar  
  147  19:07  Nexus  
  133  19:10  Void Ray  
  133  19:13  Zealot  
  132  19:19  Immortal  
  132  19:20  Nexus  
  122  19:43  Nexus  
  121  19:57  Archon  
  121  19:58  Immortal  
  125  20:00  Nexus  
  125  20:01  Dark Templar  
  127  20:09  Dark Templar  
  129  20:15  Stalker  
  129  20:17  Stalker  
  129  20:18  Probe  
  129  20:19  Probe  
  129  20:20  Probe  
  136  20:30  Probe  
  136  20:32  Probe  
  136  20:35  Probe  
  137  20:39  Templar Archives  
  137  20:40  Stalker  
  137  20:41  Stalker  
  137  20:42  Sentry  
  117  20:46  Probe  
  96  20:55  Zealot  
  52  21:06  Psionic Storm, Adept  
  53  21:16  Zealot  
  49  21:18  High Templar  
  49  21:25  Zealot  
  49  21:30  Zealot  
  43  21:36  Zealot  
  39  21:45  Zealot  
  40  21:52  Stalker  
  42  21:54  Adept  
  42  21:58  Stalker  
  46  22:07  Sentry  
  48  22:15  Stalker  
  48  22:16  Zealot  
  48  22:21  Stalker  
  50  22:28  Probe  
  49  22:30  Adept  
  47  22:37  Stalker  
  47  22:38  High Templar  
  47  22:40  Stalker  
  53  22:46  Probe  
  53  22:48  Probe  
  53  22:49  Probe  
  56  22:51  Zealot  
  56  22:53  Probe  
  56  22:55  Probe  
  56  22:58  Observer, Probe  
  59  23:00  Zealot  
  59  23:05  Adept  
  54  23:08  Stalker  
  52  23:15  Stalker  
  49  23:21  Stalker  
  46  23:29  Stalker  
  46  23:33  Sentry  
  43  23:37  High Templar  
  41  23:49  Archon  
  41  23:51  High Templar  
  41  23:54  Probe x2  
  41  23:55  Probe  
Show
View Real Time Build Order
Export as new Build Order

must Terran - Winner!

Build Orders:  

Get SALT Encoding   

  8  0:00  SCV  
  9  0:12  SCV  
  10  0:24  SCV  
  11  0:37  SCV  
  11  0:41  Supply Depot  
  12  0:49  SCV  
  13  0:57  Refinery  
  13  1:02  SCV  
  14  1:10  Barracks  
  14  1:14  SCV  
  15  1:33  SCV  
  16  1:45  SCV  
  17  1:57  SCV  
  17  1:59  Barracks  
  18  2:09  SCV  
  18  2:10  Barracks Tech Lab  
  19  2:21  SCV  
  20  2:24  Supply Depot  
  20  2:34  SCV  
  21  2:46  Supply Depot  
  21  2:47  Orbital Command  
  21  2:52  Engineering Bay  
  21  2:55  Refinery  
  21  3:06  Factory  
  21  3:24  Missile Turret  
  21  3:52  Reaper, Barracks Reactor  
  22  3:58  Sensor Tower  
  22  4:01  Stimpack  
  22  4:06  Factory Tech Lab  
  22  4:12  Barracks  
  22  4:13  SCV  
  23  4:25  SCV  
  23  4:26  Reaper  
  25  4:34  Marine x2  
  27  4:43  Siege Tank  
  30  4:52  Marine x2  
  32  5:00  Marine  
  33  5:09  Marine x2  
  35  5:18  Marauder  
  37  5:40  Supply Depot  
  37  5:42  Starport  
  37  6:01  Marine x4  
  37  6:02  Siege Tank  
  44  6:19  Marine  
  45  6:30  Supply Depot  
  45  6:51  Marine x4  
  45  6:53  Supply Depot  
  49  6:54  Command Center  
  49  7:09  Marine x4  
  49  7:14  Siege Tank  
  56  7:26  Marine x2  
  56  7:27  Reaper x2  
  59  7:44  Marine  
  59  7:49  Command Center  
  55  8:07  Barracks Tech Lab  
  55  8:10  Combat Shield  
  55  8:13  Medivac  
  35  8:36  Marine x2  
  35  8:37  Marine x2  
  39  8:43  Medivac  
  41  8:54  Marine x3  
  41  8:55  Marine  
  45  9:12  Marine x2  
  45  9:13  Marauder x2  
  45  9:16  Siege Tank  
  54  9:19  Missile Turret  
  54  9:28  Starport Tech Lab  
  54  9:29  Concussive Shells  
  54  9:30  Marine x2  
  56  9:34  Marine x2  
  58  9:40  Missile Turret  
  58  10:01  Refinery  
  58  10:19  Missile Turret  
  58  10:25  Refinery  
  57  10:57  Sensor Tower  
  57  11:07  SCV  
  42  11:19  SCV  
  42  11:23  Siege Tank  
  46  11:32  Armory  
  31  12:00  Marine  
  31  12:01  Marine x3  
  28  12:11  Siege Tank  
  29  12:18  Marine x2  
  29  12:19  Marine x2  
  29  12:34  Banshee  
  29  12:36  Marine  
  33  12:42  Marine x2  
  35  12:57  Command Center  
  32  13:52  Thor  
  38  13:57  Marine x4  
  42  14:11  Refinery  
  42  14:12  Medivac  
  42  14:14  Marine  
  42  14:15  Marine  
  46  14:35  Thor  
  46  14:36  Refinery  
  52  14:46  Starport  
  52  14:54  Cloaking Field  
  52  15:01  Missile Turret  
  52  15:06  SCV  
  53  15:18  SCV  
  54  15:22  Missile Turret  
  41  16:22  Marine x2  
  41  16:23  Marine x2  
  45  16:31  Orbital Command  
  45  16:40  Marine x3  
  45  17:30  Command Center  
  45  17:52  Orbital Command  
  45  17:56  Marine x4  
  49  17:59  Medivac  
  49  18:03  Starport Tech Lab  
  51  18:06  Thor  
  57  18:14  Marine x4  
  61  18:29  Medivac  
  61  18:32  Marine  
  64  18:42  Marine x3  
  67  18:49  Terran Vehicle Weapons Level 1, Marine  
  68  18:56  Raven  
  68  19:00  Marine x3  
  73  19:07  Marine  
  74  19:18  Marine  
  75  19:54  Thor  
  68  20:13  SCV  
  61  20:25  SCV  
  61  20:26  Marine x4  
  66  20:33  Medivac  
  68  20:37  Thor, SCV  
  68  20:38  Medivac  
  77  20:44  Marine x4, Terran Ship Weapons Level 1  
  77  20:49  Orbital Command  
  81  20:52  Missile Turret  
  81  21:01  Marine  
  81  21:02  Marine x3  
  74  21:20  Thor  
  74  21:23  Fusion Core  
  80  21:27  Marine x2  
  80  21:28  Marine  
  80  21:30  Hyperflight Rotors  
  83  21:34  Terran Infantry Weapons Level 1  
  83  21:40  Infernal Pre-Igniter  
  83  22:07  SCV  
  76  22:19  SCV  
  77  22:26  Battlecruiser  
  83  22:31  SCV  
  83  22:33  Marauder x2  
  83  22:34  Marine x2  
  90  22:49  Starport, Interference Matrix  
  90  22:54  Marauder  
  90  22:55  Marauder  
  94  22:59  Mag-Field Accelerator  
  94  23:02  Unknown  
  94  23:16  Supply Depot, Marauder  
  96  23:20  Raven  
  98  23:28  Terran Infantry Armor Level 1  
  98  23:32  Thor  
  98  23:33  Terran Vehicle Weapons Level 2  
  104  23:39  Supply Depot, Medivac  
  106  23:54  Medivac  
  108  24:01  Supply Depot  
  108  24:07  SCV  
  108  24:09  Refinery  
  109  24:19  SCV  
  109  24:24  Supply Depot, Medivac  
  110  24:31  SCV  
  113  24:32  Refinery  
  113  24:43  Weapon Refit  
  113  24:46  Supply Depot  
  113  24:47  Thor  
  113  24:50  Marine x3  
  113  24:51  Marine  
  123  24:58  Medivac  
  123  24:59  Raven  
  123  25:08  Marine x4  
  127  25:22  Hi-Sec Auto Tracking  
  127  25:26  Marine x4  
  131  25:34  Thor  
  137  25:44  Marine x4  
  137  25:49  Terran Vehicle And Ship Armor Level 1  
  141  26:01  Marine  
  142  26:16  Caduceus Reactor  
  142  26:27  Battlecruiser  
  142  26:32  Viking  
  150  26:34  Marine x4  
  154  26:52  Marine x4  
  158  27:09  Marine  
  159  27:19  Marine x3  
Show
View Real Time Build Order
Export as new Build Order

A.I. 5 (Very Hard) Terran 

Build Orders:  

Get SALT Encoding   

  8  0:01  SCV  
  9  0:13  SCV  
  10  0:25  SCV  
  11  0:37  SCV  
  12  0:48  Supply Depot  
  12  0:49  SCV  
  13  1:09  SCV  
  14  1:12  Barracks  
  14  1:19  Refinery  
  14  1:21  SCV  
  15  1:34  SCV  
  16  1:40  Barracks  
  16  1:46  SCV  
  17  1:58  SCV  
  17  2:00  Marine  
  19  2:10  SCV  
  20  2:22  Orbital Command  
  20  2:27  Barracks  
  20  2:28  Marine  
  21  2:38  Supply Depot  
  21  2:49  Barracks Tech Lab  
  21  2:53  Barracks Tech Lab  
  21  3:00  SCV  
  22  3:07  Marine  
  22  3:10  Marine  
  22  3:12  SCV  
  24  3:13  Marine  
  24  3:14  Stimpack  
  24  3:17  Concussive Shells  
  25  3:24  SCV, Marine  
  25  3:25  Supply Depot  
  27  3:28  Marine  
  27  3:31  Marine  
  29  3:43  Factory  
  29  3:45  Refinery  
  29  3:46  SCV  
  30  3:59  SCV  
  31  4:11  SCV  
  32  4:19  Supply Depot  
  32  4:23  SCV  
  32  4:24  Marine  
  33  4:29  Starport  
  33  4:30  Marine  
  34  4:35  SCV  
  34  4:36  Marine  
  34  4:41  Marine  
  32  4:48  SCV, Marine  
  34  4:54  Marine  
  37  5:00  Marauder  
  37  5:03  Supply Depot  
  37  5:06  Marine  
  38  5:07  Medivac  
  38  5:12  Marine  
  43  5:21  Marauder  
  43  5:23  Marine  
  43  5:27  Supply Depot  
  43  5:28  Command Center  
  44  5:31  Barracks Reactor  
  44  5:42  Marauder  
  48  5:43  Marauder  
  48  6:03  Marauder  
  52  6:04  Marauder, Medivac  
  52  6:07  Marine  
  55  6:11  Marine  
  55  6:13  Supply Depot  
  56  6:19  Combat Shield  
  56  6:24  Marine  
  59  6:25  Marauder  
  59  6:26  Engineering Bay  
  59  6:38  Marine  
  60  6:42  SCV, Marauder  
  60  6:45  SCV  
  64  6:53  Terran Infantry Weapons Level 1  
  64  6:54  SCV, Marauder  
  65  6:57  SCV  
  68  7:04  Marauder, Marine  
  68  7:06  SCV  
  72  7:09  SCV  
  72  7:15  Supply Depot  
  73  7:18  SCV, Marauder  
  73  7:21  SCV  
  77  7:25  Marauder  
  79  7:30  SCV  
  79  7:35  SCV  
  79  7:36  Marine  
  82  7:40  Marauder  
  82  7:41  Supply Depot  
  82  7:42  SCV  
  85  7:47  Marauder  
  85  7:48  SCV  
  88  7:56  SCV  
  88  8:00  SCV  
  88  8:01  Marauder  
  88  8:03  Liberator  
  92  8:08  Supply Depot, Marauder, SCV  
  92  8:12  SCV  
  91  8:14  Marine  
  91  8:15  Marine  
  81  8:20  SCV  
  81  8:22  Marine  
  77  8:29  Marine  
  77  8:32  Marine  
  77  8:33  Marine  
  80  8:40  Marine, Factory Tech Lab  
  81  8:45  Liberator  
  81  8:47  Marauder  
  86  8:50  Marine  
  86  8:51  Refinery  
  86  8:52  Marine  
  88  8:56  Supply Depot  
  88  8:58  Marauder  
  88  8:59  Siege Tank  
  93  9:06  Refinery  
  93  9:09  Marauder  
  95  9:10  Command Center  
  95  9:15  SCV  
  95  9:17  SCV  
  97  9:20  Marauder  
  97  9:23  Supply Depot  
  99  9:29  SCV  
  99  9:30  Marauder  
  99  9:31  Siege Tank, SCV  
  106  9:39  Marine  
  106  9:41  Marine, Marauder  
  110  9:50  Supply Depot  
  110  9:51  Marauder  
  112  9:57  Marine  
  112  9:59  Marine  
  114  10:02  Marauder  
  116  10:07  Engineering Bay  
  116  10:11  Orbital Command  
  116  10:12  Marine  
  117  10:20  Missile Turret, Terran Infantry Armor Level 1  
  117  10:23  SCV  
  117  10:24  Marauder  
  117  10:25  SCV, Supply Depot  
  121  10:30  Liberator  
  121  10:31  Marauder  
  121  10:33  Missile Turret  
  126  10:35  SCV  
  126  10:38  SCV  
  126  10:40  SCV  
  129  10:43  Missile Turret  
  129  10:48  SCV  
  130  10:51  SCV  
  130  10:52  Missile Turret, Orbital Command  
  131  10:58  Barracks  
  131  10:59  Marine  
  131  11:00  SCV  
  133  11:05  SCV  
  133  11:07  Marine  
  133  11:08  Marine  
  133  11:09  Supply Depot  
  136  11:12  SCV  
  136  11:14  Starport Reactor  
  136  11:17  SCV  
  138  11:20  SCV  
  138  11:24  SCV  
  140  11:29  SCV  
  141  11:33  SCV  
  141  11:36  SCV  
  143  11:41  Missile Turret  
  143  11:44  Siege Tank  
  146  11:48  Supply Depot  
  146  11:51  Viking  
  146  11:52  Viking  
  149  12:02  Marine  
  149  12:05  Missile Turret, Marine  
  148  12:13  Missile Turret  
  146  12:16  Refinery, Siege Tank  
  146  12:19  Marine  
  146  12:20  Marine, Supply Depot  
  146  12:21  Marine, Viking  
  146  12:22  Marine, Medivac  
  142  12:23  Marine  
  133  12:36  Missile Turret  
  133  12:37  Marine  
  117  12:38  Marine  
  117  12:39  Marauder, Refinery  
  117  12:40  Marine  
  117  12:41  Marauder  
  100  12:49  Siege Tank  
  103  12:51  Viking  
  103  12:52  Viking  
  103  12:55  Marine  
  103  12:57  Marine  
  103  12:58  Marine  
  110  13:00  Marine  
  110  13:02  Marine  
  110  13:04  SCV  
  113  13:06  SCV  
  113  13:08  SCV  
  115  13:18  Marauder  
  115  13:19  Marine  
  117  13:21  Marauder, Siege Tank, Viking  
  117  13:22  Marine, Missile Turret  
  117  13:24  Viking  
  117  13:26  Marine  
  119  13:38  Marine  
  119  13:40  Marauder, Marine  
  115  13:42  Marauder  
  115  13:43  Marine  
  115  13:45  Command Center  
  118  13:51  Viking  
  118  13:53  Siege Tank, Missile Turret  
  118  13:54  Viking  
  125  14:00  Marine  
  125  14:02  Marine  
  127  14:04  Marauder  
  127  14:05  Marine  
  127  14:07  Factory  
  126  14:20  Ghost Academy  
  126  14:21  Viking  
  126  14:22  Marauder  
  130  14:26  Marauder, Viking  
  130  14:30  Siege Tank  
  135  14:32  Supply Depot  
  129  14:44  Marauder  
  131  14:47  Marauder  
  131  14:51  Viking  
  135  14:56  Widow Mine, Viking  
  139  15:01  SCV  
  139  15:02  Siege Tank  
  139  15:03  SCV, Supply Depot  
  139  15:05  SCV x2, Marauder  
  148  15:08  Marauder  
  148  15:09  Refinery  
  150  15:16  Refinery  
  150  15:21  Viking  
  150  15:26  Ghost, Viking, Armory  
  156  15:30  Marauder  
  156  15:34  Siege Tank  
  161  15:51  Viking, Marauder  
  161  15:55  Marauder  
  161  15:56  Medivac  
  169  16:13  Marauder  
  169  16:15  Ghost  
  173  16:21  Medivac  
  175  16:26  Viking  
  175  16:30  Missile Turret, Planetary Fortress  
  177  16:34  Marauder  
  179  16:43  Armory  
  179  16:46  Command Center  
  181  16:47  Marauder  
  181  16:49  Widow Mine  
  181  16:51  Medivac  
  181  16:52  Widow Mine  
  187  16:55  Ghost, Viking  
  187  16:59  Missile Turret  
  191  17:12  Missile Turret  
  191  17:21  Medivac  
  193  17:23  Missile Turret  
  193  17:25  Viking  
  195  17:48  Terran Infantry Armor Level 2  
  193  17:51  Medivac  
  193  17:55  Marauder  
  193  17:56  Marauder  
  179  18:04  Siege Tank, Refinery  
  182  18:13  Refinery  
  182  18:15  Ghost  
  182  18:16  Ghost  
  158  18:27  Marine  
  158  18:29  SCV, Marine  
  158  18:31  Marine  
  158  18:32  SCV  
  94  18:35  Command Center  
  94  18:38  Siege Tank  
  97  18:45  Marauder, Ghost  
  97  18:47  Viking  
  103  18:52  Viking  
  93  18:58  Marine  
  88  19:04  Marine  
  88  19:05  Marine  
  88  19:06  Marine  
  91  19:14  Marine  
  91  19:15  SCV, Fusion Core  
  91  19:16  Marine  
  85  19:19  Siege Tank  
  85  19:21  Marine  
  80  19:24  Marauder  
  80  19:26  Missile Turret, SCV  
  80  19:27  SCV  
  80  19:28  SCV  
  80  19:30  SCV  
  77  19:33  Marine  
  77  19:36  Marine  
  77  19:38  Ghost Academy  
  77  19:39  Marine, SCV, Viking  
  77  19:42  Viking  
  77  19:43  Orbital Command  
  77  19:45  SCV, Marine  
  83  19:51  Siege Tank, Marine, SCV  
  86  19:54  Marine  
  86  19:56  SCV  
  86  19:57  Marine  
  86  20:00  SCV  
  86  20:03  Marine  
  86  20:04  SCV  
  86  20:07  Command Center  
  86  20:08  SCV  
  86  20:09  Marine, SCV  
  86  20:12  Marine  
  78  20:15  Marine  
  78  20:16  SCV  
  78  20:21  Marine  
  78  20:23  Siege Tank  
  78  20:25  Missile Turret, Orbital Command  
  78  20:26  SCV, Marine  
  82  20:30  SCV  
  82  20:35  Viking  
  74  20:37  Medivac, Marine  
  74  20:38  SCV, Marine  
  74  20:39  Marine  
  74  20:42  SCV  
  65  20:44  Marine  
  65  20:45  Armory  
  46  20:55  Siege Tank  
  41  20:57  Marine  
  41  20:58  Marine x2  
  41  21:00  Command Center  
  41  21:03  Marauder  
  41  21:04  SCV  
  45  21:06  SCV  
  45  21:07  SCV  
  41  21:15  Marine x2, Ghost Academy  
  41  21:16  SCV  
  41  21:17  Marine  
  44  21:23  Marine  
  43  21:30  SCV  
  43  21:32  SCV  
  37  21:33  Marine  
  37  21:36  Marine  
  37  21:37  Marine  
  29  21:41  Marine  
  29  21:43  SCV  
  29  21:46  SCV  
  21  21:51  Marine  
  17  21:55  SCV, Marine  
  17  21:56  Marine  
  17  21:59  Marine  
  19  22:01  SCV  
  19  22:07  SCV  
  19  22:13  Marine, Command Center, SCV  
  19  22:17  Marauder  
  19  22:19  SCV  
  20  22:25  SCV  
  19  22:37  SCV  
  19  22:42  Refinery  
  16  22:50  SCV  
  16  23:02  SCV  
  15  24:04  Command Center  
  15  24:25  Command Center  
  15  24:43  Command Center  
  15  25:02  Refinery  
  15  25:06  Supply Depot  
  15  25:16  SCV x2  
  17  25:28  SCV  
  18  25:32  Refinery  
  18  25:37  SCV x2  
  18  25:40  Refinery, SCV  
  21  25:44  Barracks  
  21  25:47  Engineering Bay  
  21  25:54  Refinery  
  21  25:55  SCV x2  
  21  25:56  SCV x2  
  25  25:57  Supply Depot  
  25  26:01  Barracks  
  25  26:06  Refinery  
  25  26:07  SCV, Refinery  
  26  26:11  Engineering Bay  
  26  26:18  SCV  
  26  26:19  SCV x2  
  26  26:20  SCV  
  26  26:23  Refinery  
  30  26:27  Missile Turret  
  30  26:30  SCV  
  30  26:31  Supply Depot, Marine  
  30  26:32  SCV  
  34  26:35  Orbital Command, Ghost Academy  
  32  26:42  Factory  
  32  26:45  SCV  
  32  26:46  Refinery  
  26  26:47  Marine  
  26  26:49  Marine  
  27  26:55  Missile Turret  
  27  26:57  SCV  
  27  27:00  SCV  
  21  27:05  Marine  
  21  27:07  Marine  
  22  27:09  SCV  
  22  27:21  SCV, Command Center  
  22  27:23  Marine  
  22  27:27  Command Center  
Show
View Real Time Build Order
Export as new Build Order

inal Protoss - Winner!

Build Orders: Carriers 

Get SALT Encoding   

  8  0:01  Probe  
  9  0:17  Probe  
  10  0:29  Probe  
  11  0:41  Probe  
  12  0:45  Pylon  
  12  0:54  Probe  
  13  1:06  Probe  
  14  1:16  Forge  
  14  1:18  Probe  
  15  1:30  Probe  
  16  1:40  Assimilator  
  16  1:42  Probe  
  17  1:49  Gateway  
  17  1:54  Probe  
  17  1:59  Pylon  
  18  2:04  Photon Cannon  
  18  2:11  Assimilator  
  18  2:16  Probe  
  19  2:28  Probe  
  20  2:40  Probe  
  21  2:45  Cybernetics Core  
  21  2:51  Pylon  
  21  2:52  Probe  
  22  3:04  Probe  
  23  3:40  Nexus  
  23  3:44  Assimilator  
  23  3:55  Probe  
  24  4:01  Assimilator  
  24  4:02  Stargate  
  24  4:07  Probe  
  25  4:19  Probe  
  26  4:31  Probe  
  27  4:41  Stalker  
  27  4:43  Probe  
  30  4:55  Fleet Beacon  
  30  4:56  Probe  
  31  5:08  Probe, Stalker  
  31  5:35  Stalker  
  33  5:55  Assimilator  
  33  6:09  Assimilator  
  33  6:19  Pylon  
  33  6:25  Pylon  
  33  6:30  Pylon  
  33  6:36  Pylon  
  33  6:37  Carrier  
  39  6:41  Pylon  
  39  7:05  Nexus  
  39  7:13  Probe  
  40  7:25  Probe  
  41  7:38  Probe  
  41  7:42  Carrier  
  48  7:50  Probe  
  49  8:02  Probe  
  50  8:14  Probe  
  51  8:26  Nexus  
  51  8:28  Stargate  
  51  8:43  Stalker  
  53  8:54  Protoss Air Weapons Level 1  
  53  9:06  Carrier  
  59  9:10  Stalker  
  61  9:17  Probe  
  62  9:29  Probe  
  63  9:37  Stalker  
  65  9:42  Probe  
  65  9:44  Probe  
  65  9:45  Assimilator  
  67  9:46  Assimilator  
  67  9:54  Probe  
  67  9:56  Probe  
  67  9:58  Probe  
  70  10:03  Carrier  
  70  10:06  Probe  
  77  10:08  Probe  
  77  10:10  Probe, Carrier  
  85  10:20  Probe  
  86  10:22  Probe x2  
  88  10:33  Probe  
  88  10:34  Probe x2  
  91  10:45  Probe  
  91  10:46  Probe  
  91  10:47  Probe  
  94  10:50  Pylon  
  94  10:53  Pylon  
  94  10:57  Probe, Pylon  
  94  10:59  Probe  
  94  11:02  Protoss Air Armor Level 1  
  96  11:11  Probe  
  97  11:50  Carrier  
  97  11:51  Carrier  
  109  11:56  Stargate  
  109  12:01  Stargate  
  109  12:14  Pylon  
  105  13:00  Carrier x3  
  105  13:01  Carrier  
  129  13:11  Protoss Air Weapons Level 2  
  129  14:01  Nexus  
  129  14:11  Carrier  
  135  14:35  Assimilator  
  135  14:40  Assimilator  
  134  14:45  Probe  
  134  14:54  Pylon  
  134  14:56  Pylon  
  134  14:57  Probe  
  134  14:59  Pylon  
  135  15:12  Carrier x2  
  135  15:13  Carrier  
  149  15:15  Carrier  
  123  16:08  Probe  
  124  16:15  Probe  
  124  16:16  Carrier  
  124  16:17  Carrier  
  137  16:20  Probe  
  137  16:21  Carrier  
  137  16:22  Carrier  
  150  16:32  Probe  
  151  17:20  Carrier  
  151  17:21  Carrier  
  163  17:25  Carrier  
  169  18:03  Assimilator  
  169  18:07  Assimilator  
  169  18:12  Nexus  
  169  18:18  Pylon  
  169  18:22  Pylon  
  169  18:50  Pylon  
  169  18:53  Pylon  
  169  19:01  Carrier  
  169  19:02  Carrier  
  181  19:04  Carrier  
  181  19:08  Carrier  
  193  19:16  Protoss Air Weapons Level 3  
  139  20:06  Carrier x2  
  151  20:28  Carrier x2  
  151  21:10  Carrier x2  
  163  21:32  Carrier  
  175  21:33  Carrier  
  175  22:02  Nexus  
  175  22:11  Assimilator  
  175  22:14  Carrier  
  175  22:15  Carrier, Protoss Air Armor Level 2  
  187  22:16  Assimilator  
  187  22:37  Carrier x2  
Show
View Real Time Build Order
Export as new Build Order

A.I. 7 (Very Hard) Zerg 

Build Orders: 1 Base Baneling Bust, Pool First, Zergling Baneling 

Get SALT Encoding   

  8  0:01  Drone  
  9  0:11  Drone  
  10  0:16  Drone  
  11  0:22  Drone  
  12  0:35  Overlord  
  12  0:53  Drone x2  
  14  1:03  Spawning Pool  
  13  1:06  Drone  
  13  1:09  Extractor  
  13  1:13  Drone  
  14  1:19  Drone  
  15  1:49  Queen  
  15  1:50  Zergling x6  
  20  2:00  Overlord  
  20  2:18  Zergling x2  
  20  2:19  Zergling x2  
  20  2:22  Baneling Nest  
  21  2:29  Drone  
  22  2:39  Zergling x2  
  23  2:49  Zergling x2  
  24  2:57  Zergling x4  
  26  3:07  Baneling x2, Zergling x2  
  26  3:08  Zergling x2, Baneling x4  
  26  3:09  Baneling  
  28  3:15  Overlord  
  28  3:33  Zergling x2  
  28  3:34  Zergling x4  
  31  3:35  Zergling x2  
  31  3:40  Zergling x2  
  33  3:47  Zergling x2  
  34  3:57  Zergling x2  
  34  4:00  Zergling x2  
  34  4:01  Baneling  
  36  4:03  Overlord  
  36  4:26  Roach Warren  
  35  4:48  Lair  
  32  5:09  Roach  
  33  5:26  Roach  
  31  5:29  Roach  
  28  5:36  Roach  
  28  5:39  Roach  
  28  5:46  Zergling x2  
  28  5:48  Hydralisk Den  
  28  5:49  Zergling x2  
  27  5:56  Roach  
  29  6:02  Drone  
  30  6:08  Drone  
  31  6:14  Drone  
  31  6:17  Hydralisk  
  34  6:26  Hydralisk  
  34  6:31  Drone  
  37  6:36  Drone  
  38  6:45  Overlord  
  38  6:49  Drone  
  38  6:53  Drone  
  40  6:57  Drone  
  40  7:00  Drone  
  42  7:08  Drone  
  43  7:22  Zergling x2  
  43  7:26  Overseer  
  43  7:30  Infestation Pit  
  43  7:32  Extractor  
  41  7:38  Hatchery  
  40  7:47  Drone  
  41  7:51  Drone  
  41  7:55  Drone  
  43  7:59  Drone  
  44  8:07  Overlord, Infestor  
  44  8:10  Drone  
  47  8:14  Drone  
  47  8:19  Roach  
  50  8:25  Roach  
  52  8:29  Roach  
  54  8:34  Overlord  
  54  8:41  Roach  
  56  8:45  Infestor  
  56  8:48  Zergling x2  
  59  8:51  Drone  
  59  8:54  Drone  
  61  8:58  Drone  
  61  9:02  Drone  
  63  9:04  Drone  
  63  9:09  Overlord  
  64  9:12  Drone  
  63  9:19  Drone  
  63  9:20  Roach, Drone  
  63  9:22  Drone  
  57  9:26  Roach  
  57  9:29  Hydralisk  
  55  9:33  Zergling x2  
  52  9:39  Zergling x2  
  52  9:43  Roach  
  55  9:49  Hydralisk, Roach  
  55  9:50  Drone  
  55  9:51  Drone  
  55  9:52  Overseer  
  61  9:55  Drone  
  61  9:59  Drone  
  63  10:05  Drone  
  64  10:08  Overlord  
  64  10:15  Drone  
  64  10:19  Drone, Extractor  
  65  10:22  Zergling x2  
  65  10:23  Drone, Zergling x2  
  65  10:25  Drone  
  65  10:26  Baneling  
  69  10:28  Baneling  
  69  10:29  Roach  
  69  10:35  Overlord  
  71  10:36  Baneling  
  71  10:37  Extractor, Baneling  
  71  10:38  Drone  
  71  10:39  Baneling  
  71  10:43  Baneling  
  71  10:45  Zergling x2  
  71  10:49  Drone  
  73  10:51  Hatchery  
  73  10:53  Roach  
  73  10:54  Drone  
  73  10:55  Roach  
  77  10:58  Drone  
  77  10:59  Overlord  
  78  11:06  Drone  
  78  11:09  Drone  
  80  11:16  Drone  
  83  11:18  Roach  
  83  11:23  Overlord  
  83  11:24  Zergling x2  
  84  11:25  Zergling x2  
  84  11:27  Zergling x2  
  84  11:28  Zergling x2  
  87  11:39  Zergling x2  
  88  11:40  Zergling x2, Spire  
  88  11:47  Overlord  
  88  11:48  Zergling x2  
  89  11:55  Hydralisk  
  89  11:56  Hydralisk  
  89  11:57  Zergling x2  
  89  11:58  Hydralisk  
  89  11:59  Hydralisk  
  98  12:03  Hydralisk  
  98  12:08  Overlord  
  100  12:10  Drone  
  100  12:13  Drone  
  97  12:18  Drone  
  97  12:19  Zergling x2  
  80  12:24  Drone  
  80  12:27  Overseer  
  80  12:28  Drone  
  80  12:29  Roach, Drone  
  83  12:30  Roach, Drone  
  83  12:33  Drone  
  87  12:37  Drone  
  87  12:39  Drone  
  87  12:43  Roach  
  91  12:47  Drone  
  91  12:49  Drone  
  93  12:52  Mutalisk  
  93  12:57  Mutalisk  
  97  13:00  Drone  
  97  13:01  Drone, Overlord, Extractor  
  97  13:02  Drone  
  99  13:07  Mutalisk  
  99  13:10  Mutalisk, Extractor  
  99  13:12  Mutalisk  
  104  13:17  Mutalisk  
  104  13:19  Drone  
  107  13:23  Drone  
  108  13:27  Drone  
  108  13:30  Drone  
  108  13:31  Overlord  
  108  13:32  Drone  
  108  13:33  Drone  
  112  13:35  Drone  
  112  13:36  Baneling  
  112  13:38  Drone  
  112  13:39  Baneling  
  112  13:40  Baneling  
  114  13:42  Drone  
  114  13:44  Drone  
  114  13:46  Mutalisk  
  118  13:50  Overlord  
  118  13:51  Mutalisk  
  120  13:56  Corruptor  
  120  14:00  Corruptor  
  120  14:01  Corruptor  
  126  14:03  Zergling x2  
  126  14:04  Zergling x2, Corruptor  
  126  14:09  Roach  
  132  14:12  Overlord  
  132  14:15  Mutalisk  
  132  14:17  Mutalisk  
  124  14:21  Mutalisk  
  124  14:22  Mutalisk  
  128  14:26  Mutalisk  
  128  14:31  Mutalisk  
  130  14:33  Roach  
  130  14:35  Overlord  
  130  14:36  Hydralisk  
  130  14:37  Hydralisk  
  138  14:41  Hydralisk x2  
  138  14:43  Hydralisk  
  144  14:45  Evolution Chamber  
  144  14:46  Hydralisk  
  145  14:52  Hydralisk  
  145  14:53  Hydralisk  
  145  14:55  Evolution Chamber  
  145  14:56  Overlord  
  148  15:01  Hydralisk  
  148  15:02  Evolution Chamber  
  148  15:03  Hydralisk  
  148  15:06  Hydralisk  
  153  15:07  Hydralisk  
  153  15:08  Spine Crawler  
  154  15:14  Hydralisk  
  154  15:15  Spine Crawler  
  154  15:16  Overlord  
  154  15:17  Hydralisk  
  154  15:20  Hydralisk  
  159  15:21  Corruptor  
  159  15:22  Overseer  
  159  15:25  Overseer  
  161  15:29  Pneumatized Carapace  
  161  15:37  Overlord  
  161  15:38  Roach  
  161  15:40  Roach  
  161  15:41  Roach  
  169  15:42  Roach  
  169  15:44  Roach  
  171  15:53  Baneling  
  171  15:54  Baneling  
  171  15:55  Zergling x2  
  172  15:57  Overlord  
  172  15:59  Roach x2  
  172  16:01  Roach  
  178  16:08  Mutalisk, Spine Crawler  
  179  16:13  Spore Crawler  
  179  16:14  Hatchery  
  179  16:16  Corruptor  
  179  16:17  Overlord  
  179  16:19  Corruptor  
  179  16:23  Spine Crawler, Corruptor  
  182  16:29  Spore Crawler  
  182  16:31  Corruptor  
  183  16:36  Spore Crawler  
  183  16:37  Overlord  
  183  16:39  Corruptor  
  184  16:44  Spore Crawler  
  184  16:46  Corruptor  
  183  16:53  Corruptor  
  187  16:56  Queen, Spine Crawler  
  188  17:01  Corruptor  
  190  17:09  Corruptor, Spine Crawler  
  191  17:16  Corruptor  
  191  17:19  Zergling x2  
  191  17:20  Spine Crawler, Zergling x2  
  144  17:22  Zergling x2  
  144  17:23  Mutalisk  
  144  17:25  Zergling x2  
  144  17:26  Zergling x2  
  144  17:28  Drone  
  144  17:29  Drone  
  104  17:30  Zergling x2  
  104  17:31  Drone  
  104  17:32  Zergling x2  
  104  17:33  Mutalisk  
  104  17:35  Zergling x2  
  104  17:36  Zergling x2  
  97  17:39  Drone  
  97  17:40  Mutalisk  
  96  17:46  Zergling x2  
  96  17:47  Drone, Mutalisk  
  96  17:48  Drone  
  96  17:49  Drone  
  96  17:50  Extractor  
  94  17:51  Drone  
  94  17:53  Drone  
  94  17:55  Mutalisk  
  94  17:56  Extractor  
  94  17:57  Drone  
  91  17:59  Drone  
  91  18:02  Mutalisk  
  94  18:05  Drone  
  94  18:07  Drone  
  94  18:09  Drone  
  94  18:12  Mutalisk  
  97  18:14  Zergling x2  
  97  18:17  Drone  
  97  18:18  Drone  
  97  18:19  Drone  
  95  18:20  Drone  
  95  18:21  Drone  
  95  18:24  Mutalisk  
  95  18:25  Mutalisk  
  98  18:28  Zergling x2  
  98  18:29  Zergling x2  
  100  18:34  Zergling x2, Corruptor  
  100  18:36  Zergling x2  
  100  18:37  Zergling x2, Corruptor  
  100  18:39  Zergling x2  
  108  18:42  Roach  
  108  18:43  Roach  
  108  18:44  Roach  
  108  18:45  Roach  
  108  18:47  Hydralisk  
  108  18:48  Hydralisk  
  118  18:50  Hydralisk  
  118  18:54  Hydralisk  
  124  19:05  Hive, Overlord  
  124  19:29  Roach  
  126  19:32  Roach  
  126  19:35  Overlord  
  126  19:36  Roach  
  126  19:37  Roach  
  134  19:38  Roach  
  134  19:39  Roach  
  134  19:41  Roach  
  134  19:42  Roach  
  134  19:43  Roach  
  134  19:44  Roach  
  144  19:46  Roach  
  145  19:54  Zergling x2  
  145  19:55  Overlord  
  145  19:56  Hydralisk  
  145  19:57  Hydralisk  
  145  19:58  Hydralisk  
  145  19:59  Hydralisk  
  154  20:14  Hydralisk  
  154  20:16  Overlord  
  154  20:17  Hydralisk  
  154  20:19  Hydralisk  
  154  20:20  Hydralisk  
  162  20:21  Ultralisk Cavern  
  162  20:22  Overseer  
  162  20:25  Overseer  
  162  20:27  Hydralisk  
  155  20:30  Zergling x2  
  155  20:32  Zergling x2  
  147  20:35  Zergling x2  
  147  20:37  Zergling x4  
  147  20:39  Overlord  
  147  20:41  Zergling x2  
  140  20:47  Zergling x2  
  140  20:48  Zergling x2  
  140  20:49  Zergling x2  
  129  20:51  Roach  
  129  20:53  Zergling x2  
  107  20:57  Roach  
  107  20:59  Roach  
  107  21:00  Roach  
  107  21:01  Roach  
  107  21:03  Roach  
  107  21:04  Roach  
  114  21:05  Zergling x2  
  114  21:07  Zergling x2  
  114  21:08  Spore Crawler, Roach  
  114  21:09  Hydralisk  
  114  21:10  Hydralisk  
  112  21:12  Hydralisk  
  112  21:13  Hydralisk  
  112  21:14  Hydralisk  
  112  21:16  Hydralisk  
  112  21:17  Hydralisk  
  122  21:19  Hydralisk  
  122  21:20  Hydralisk  
  122  21:21  Spore Crawler, Hydralisk  
  122  21:23  Hydralisk  
  122  21:25  Ultralisk, Hydralisk  
  133  21:27  Hydralisk  
  133  21:28  Hydralisk  
  133  21:29  Spine Crawler  
  133  21:31  Hydralisk  
  140  21:34  Hydralisk  
  140  21:36  Hydralisk  
  143  21:42  Ultralisk, Spine Crawler  
  154  21:47  Ultralisk  
  154  21:49  Overlord  
  154  21:50  Hydralisk  
  154  21:51  Hydralisk  
  158  21:56  Spine Crawler  
  158  21:57  Ultralisk  
  158  21:59  Overseer  
  160  22:10  Mutalisk  
  160  22:11  Overlord  
  162  22:20  Mutalisk  
  164  22:24  Overseer  
  164  22:29  Mutalisk  
  164  22:31  Overlord  
  166  22:38  Mutalisk  
  166  22:41  Mutalisk  
  166  22:42  Spine Crawler  
  168  22:57  Ultralisk, Spore Crawler  
  168  22:58  Overlord  
  171  23:00  Zergling x2  
  171  23:01  Zergling x2  
  171  23:03  Zergling x2  
  171  23:05  Zergling x2  
  164  23:08  Zergling x2  
  164  23:09  Zergling x2  
  164  23:11  Roach, Spore Crawler  
  164  23:12  Zergling x2  
  136  23:14  Roach  
  136  23:15  Zergling x2  
  136  23:18  Roach  
  136  23:19  Zergling x2  
  108  23:21  Roach  
  108  23:22  Drone  
  108  23:26  Hydralisk  
  73  23:31  Hydralisk  
  73  23:32  Hydralisk  
  67  23:35  Drone  
  67  23:36  Drone  
  67  23:37  Drone  
  67  23:38  Ultralisk  
  76  23:41  Zergling x2, Hydralisk  
  76  23:46  Roach  
  79  23:48  Baneling  
  79  23:49  Baneling  
  79  23:50  Baneling  
  79  23:51  Zergling x2  
  79  23:52  Zergling x2  
  81  23:58  Baneling  
  81  23:59  Baneling  
  81  24:00  Zergling x2  
  81  24:02  Baneling  
  82  24:03  Baneling  
  82  24:04  Zergling x2  
  82  24:20  Roach  
  82  24:21  Roach  
  82  24:22  Roach  
  82  24:24  Roach  
  90  24:25  Roach  
  90  24:29  Roach  
  92  24:41  Roach  
  92  24:43  Roach  
  92  24:44  Hydralisk  
  92  24:45  Hydralisk  
  56  25:06  Drone  
  24  25:07  Drone x2  
  24  25:09  Zergling x2  
  24  25:11  Drone  
  16  25:14  Drone  
Show
View Real Time Build Order
Export as new Build Order

heretic Terran - Winner!

Build Orders:  

Get SALT Encoding   

  8  0:02  SCV  
  9  0:25  Supply Depot  
  9  0:50  Barracks  
  9  0:51  SCV  
  10  1:04  SCV  
  11  1:16  SCV  
  12  1:34  SCV  
  12  1:39  Marine  
  14  1:46  SCV  
  15  1:49  Refinery  
  15  1:56  Marine  
  15  1:58  SCV  
  17  2:01  Supply Depot  
  17  2:10  SCV  
  17  2:14  Marine  
  19  2:22  SCV  
  20  2:25  Refinery  
  20  2:32  Marine  
  21  2:38  SCV  
  22  2:50  SCV  
  23  2:52  Supply Depot  
  23  3:02  SCV  
  24  3:21  Barracks Tech Lab  
  24  3:28  Orbital Command  
  24  3:54  Marauder  
  26  4:02  SCV  
  27  4:10  Factory  
  27  4:14  SCV  
  27  4:15  Marauder  
  30  4:18  Engineering Bay  
  30  4:36  Marauder  
  32  4:51  SCV  
  33  4:59  Factory Tech Lab  
  33  5:02  Concussive Shells  
  33  5:03  SCV  
  34  5:15  SCV  
  35  5:28  SCV  
  36  5:35  Command Center  
  36  5:39  Marauder  
  36  5:40  SCV  
  36  5:41  Siege Tank  
  42  5:44  Combat Shield  
  42  5:50  Terran Infantry Weapons Level 1  
  42  5:52  SCV  
  43  6:00  Marauder  
  46  6:04  SCV  
  46  6:13  Siege Tank  
  46  6:16  SCV  
  50  6:21  Marauder  
  52  6:28  SCV  
  53  6:35  Refinery  
  53  6:38  Refinery  
  53  6:40  SCV  
  53  6:43  Marauder  
  53  6:45  Siege Tank  
  59  6:51  Supply Depot  
  59  7:03  Stimpack  
  59  7:04  Marine  
  60  7:09  Orbital Command  
  60  7:13  Supply Depot  
  60  7:22  Marauder  
  54  7:43  Marine  
  54  7:44  Terran Infantry Armor Level 1  
  54  8:00  Cyclone  
  54  8:02  Marine  
  58  8:19  SCV  
  59  8:20  Marine  
  60  8:31  SCV  
  60  8:33  Cyclone  
  64  8:38  Marine  
  65  8:56  Missile Turret, Marauder  
  67  9:05  Siege Tank  
  70  9:16  Missile Turret  
  70  9:18  Marauder  
  66  9:37  Cyclone  
  47  9:38  Hi-Sec Auto Tracking  
  47  9:39  Marauder  
  46  9:52  Missile Turret  
  46  10:00  Marine  
  47  10:09  Siege Tank  
  50  10:14  Missile Turret  
  50  10:18  Marine  
  51  10:36  Marine  
  51  10:41  Cyclone  
  55  10:53  Missile Turret  
  55  10:54  Marine  
  56  11:13  Siege Tank  
  59  11:29  Armory  
  59  11:39  Factory  
  59  11:45  Siege Tank  
  62  12:03  Factory  
  62  12:06  Marine  
  63  12:11  Missile Turret  
  63  12:17  Missile Turret  
  63  12:24  Marine  
  64  12:39  Infernal Pre-Igniter  
  64  12:41  Factory Tech Lab  
  64  12:42  Marauder  
  66  12:48  Factory Tech Lab  
  66  12:59  Supply Depot  
  66  13:02  Supply Depot  
  66  13:04  Marauder  
  68  13:12  Smart Servos  
  68  13:18  Drilling Claws  
  68  13:20  Neosteel Armor  
  68  13:27  Thor x3  
  86  13:39  Barracks  
  86  13:49  Supply Depot  
  86  13:52  Supply Depot  
  86  13:58  Mag-Field Accelerator  
  86  14:10  Thor x2  
  98  14:27  Barracks  
  98  14:35  Thor  
  92  14:52  Thor  
  86  14:53  Thor  
  98  15:11  Barracks Reactor  
  98  15:15  Barracks Reactor  
  98  15:21  Missile Turret  
  98  15:23  Thor  
  104  15:35  Thor  
  104  15:41  Terran Vehicle Weapons Level 1  
  110  15:44  Marine  
  110  15:48  Marine  
  110  15:49  Marine  
  113  15:53  Marine x2  
  115  16:02  Marine  
  116  16:06  Marine x2  
  116  16:11  Marine x2  
  118  16:17  Supply Depot  
  120  16:20  Marine  
  120  16:24  Marine x2  
  123  16:27  Missile Turret  
  123  16:29  Marine x2  
  123  16:32  Terran Infantry Armor Level 2  
  125  16:38  Marine  
  126  16:40  Supply Depot  
  126  16:42  Marine x2  
  126  16:47  Marine x2, Missile Turret  
  130  16:56  Marine  
  130  17:00  Marine x2  
  133  17:04  Marine  
  133  17:05  Marine  
  135  17:13  Marine  
  136  17:17  Marine  
  136  17:18  Marine  
  136  17:22  Marine x2  
  140  17:31  Marine  
  140  17:35  Marine x2  
  123  18:30  Command Center  
  106  18:48  Terran Infantry Weapons Level 2  
  106  19:00  Missile Turret  
  106  19:13  Terran Vehicle And Ship Armor Level 1  
  106  19:20  Missile Turret  
  106  19:25  Unknown  
  106  19:35  Thor x2  
  106  19:37  Marine x3  
  106  19:38  Marine x2  
  123  19:47  Planetary Fortress  
  123  19:54  Sensor Tower  
  123  19:55  Marine x4  
  123  19:56  Marine  
  128  20:13  Marine x5  
  133  20:30  Marine  
  133  20:31  Marine x2  
  126  21:04  Terran Infantry Armor Level 3  
  100  21:07  Terran Vehicle Weapons Level 2  
  81  21:12  Marine x2  
  81  21:13  Marine x3  
  81  21:17  Thor  
  81  21:18  Thor x2  
  94  21:30  Marine x3  
  94  21:31  Marine x2  
  77  21:48  Marine x4  
  77  21:49  Marine  
  70  22:01  Thor, Siege Tank x2  
  79  22:07  Marauder  
  84  22:28  Marauder  
  86  22:46  Thor x2  
  86  22:48  Marine x4  
  86  22:49  Marine  
  103  23:03  Orbital Command  
  103  23:06  Marine x4  
  103  23:07  Marine  
  103  23:11  SCV  
  109  23:23  Terran Ship Weapons Level 1, Marine, SCV  
  109  23:24  Marine x3  
  109  23:25  Marine  
  115  23:40  Starport  
  115  23:41  Marine  
  116  23:51  Starport  
  116  23:56  Starport  
  113  25:20  Medivac  
  115  25:22  Medivac x2  
  119  26:45  Refinery  
  119  26:48  Refinery  
Show
View Real Time Build Order
Export as new Build Order

A.I. 9 (Very Hard) Terran 

Build Orders:  

Get SALT Encoding   

  8  0:01  SCV  
  9  0:13  SCV  
  10  0:25  SCV  
  11  0:37  SCV  
  12  0:45  Supply Depot  
  12  0:49  SCV  
  13  0:57  Refinery  
  13  1:07  SCV  
  14  1:19  SCV  
  14  1:21  Barracks  
  15  1:31  SCV  
  16  1:43  SCV  
  17  1:47  Supply Depot  
  17  1:55  SCV  
  18  2:08  SCV  
  19  2:09  Marine  
  19  2:13  Factory  
  20  2:20  SCV  
  21  2:27  Barracks  
  21  2:30  Marine  
  21  2:32  SCV  
  24  2:44  SCV, Supply Depot  
  24  2:49  Marine  
  25  2:56  SCV  
  26  3:16  Command Center  
  26  3:21  Orbital Command  
  26  3:27  Refinery  
  26  3:28  Marine  
  27  3:41  Marine  
  27  3:46  SCV  
  29  3:51  Marine  
  30  3:58  SCV  
  30  3:59  Marine  
  32  4:09  Marine  
  33  4:10  SCV  
  34  4:17  Marine  
  34  4:23  SCV  
  36  4:24  Barracks  
  36  4:28  SCV, Barracks Tech Lab  
  37  4:35  SCV, Barracks Tech Lab  
  37  4:40  SCV, Factory Tech Lab  
  38  4:47  Marine, SCV  
  38  4:52  SCV  
  41  4:53  Marine  
  41  4:57  Supply Depot  
  41  4:59  SCV  
  43  5:02  Stimpack  
  43  5:04  SCV  
  43  5:05  Marauder  
  46  5:11  SCV, Marine  
  48  5:16  Orbital Command  
  48  5:19  Marine  
  49  5:23  SCV  
  49  5:26  Marauder  
  49  5:27  Supply Depot  
  52  5:30  Marauder  
  52  5:35  SCV  
  55  5:38  Barracks Reactor  
  55  5:42  SCV  
  56  5:47  SCV  
  56  5:49  Marauder  
  59  5:51  Marauder  
  59  5:52  Supply Depot  
  59  5:54  SCV  
  62  6:00  Combat Shield  
  62  6:07  SCV  
  62  6:08  SCV  
  62  6:09  Engineering Bay, Marine  
  65  6:14  Marauder, Marine  
  65  6:15  Siege Tank  
  65  6:16  Supply Depot  
  71  6:19  SCV  
  71  6:23  SCV  
  73  6:31  SCV  
  74  6:33  Engineering Bay  
  74  6:37  Terran Infantry Armor Level 1  
  74  6:38  SCV, Marauder, Missile Turret  
  77  6:40  Refinery, Marauder  
  77  6:43  Supply Depot, SCV  
  79  6:48  Missile Turret, Concussive Shells  
  79  6:50  SCV  
  80  6:56  SCV  
  80  6:59  Terran Infantry Weapons Level 1, Barracks  
  81  7:05  SCV, Marauder, Siege Tank  
  81  7:07  Starport  
  81  7:08  Marauder, SCV  
  90  7:10  Supply Depot  
  90  7:20  Refinery  
  90  7:32  Marauder  
  90  7:33  Marauder  
  90  7:34  Supply Depot  
  94  7:43  Command Center  
  94  7:46  Starport Reactor  
  94  7:49  SCV  
  95  7:53  Marauder  
  95  7:56  Marauder  
  99  8:01  Supply Depot  
  99  8:10  Siege Tank  
  102  8:15  Marauder  
  102  8:18  Marauder  
  106  8:26  Supply Depot  
  106  8:30  Liberator  
  106  8:34  Marine  
  106  8:35  Marine  
  106  8:36  Marine, Marauder  
  106  8:39  Marauder  
  86  8:42  Liberator, Siege Tank  
  89  8:52  Marine  
  89  8:53  Marine  
  89  8:54  Marine  
  92  8:57  Marauder  
  92  9:00  SCV, Marauder  
  92  9:01  SCV  
  92  9:02  Refinery  
  98  9:03  SCV  
  98  9:07  Refinery  
  99  9:10  Marine  
  99  9:12  SCV, Marine  
  99  9:13  Liberator  
  99  9:14  Marine, Siege Tank  
  99  9:15  SCV  
  110  9:19  Marauder  
  110  9:21  SCV  
  110  9:22  Missile Turret, Marauder  
  115  9:24  SCV, Liberator  
  115  9:28  Marine, SCV  
  115  9:30  Missile Turret, Marine  
  122  9:32  Marine  
  122  9:33  Supply Depot, SCV  
  122  9:36  SCV  
  125  9:40  SCV, Marauder  
  125  9:43  Marine  
  129  9:46  Orbital Command  
  129  9:52  SCV  
  130  9:53  SCV  
  130  9:56  Liberator  
  130  9:57  Marine  
  130  9:59  Marine, Supply Depot  
  136  10:00  Marine  
  136  10:01  Marauder x2  
  136  10:04  SCV  
  142  10:17  SCV  
  142  10:18  Armory  
  142  10:21  Medivac  
  145  10:22  Marauder  
  145  10:23  SCV  
  145  10:24  Marauder  
  145  10:25  SCV, Fusion Core  
  145  10:28  Supply Depot  
  151  10:38  Missile Turret  
  151  10:48  Missile Turret  
  151  10:52  SCV  
  151  10:54  Marauder, Medivac  
  151  10:55  Siege Tank  
  159  11:00  Missile Turret  
  159  11:02  Command Center  
  159  11:06  Terran Infantry Weapons Level 2  
  159  11:12  Factory  
  159  11:13  Advanced Ballistics  
  159  11:16  Supply Depot  
  159  11:24  Viking  
  157  11:25  Marine  
  157  11:26  Marine  
  157  11:30  Marine  
  157  11:31  Marine, Missile Turret  
  157  11:32  Marine  
  157  11:39  Viking  
  159  11:44  Marauder, Supply Depot  
  159  11:45  Marine  
  148  11:50  Marine  
  148  11:51  Marine  
  148  11:52  Marine  
  137  11:54  Viking  
  114  12:03  Marine  
  114  12:04  Siege Tank, Marine  
  114  12:08  Marine  
  113  12:09  Viking, Marine  
  113  12:10  Marine  
  118  12:16  Missile Turret  
  118  12:18  SCV  
  118  12:21  Marauder  
  121  12:23  Marauder  
  121  12:24  Viking  
  121  12:26  Marine  
  121  12:27  Marine  
  121  12:28  Planetary Fortress, Refinery, Marine  
  122  12:30  Command Center  
  119  12:39  Viking  
  119  12:40  Missile Turret  
  119  12:42  Marine  
  119  12:44  Marine, Marauder  
  122  12:45  Marine  
  126  12:52  Marine, Missile Turret  
  126  12:54  Viking  
  126  12:57  Refinery  
  129  13:00  Marine  
  129  13:04  Marine  
  131  13:06  Marauder  
  131  13:08  Starport  
  131  13:09  Viking  
  135  13:17  Ghost Academy  
  135  13:18  Marauder, Factory Tech Lab  
  137  13:24  Medivac  
  141  13:27  Marauder  
  141  13:33  Siege Tank  
  144  13:37  Siege Tank  
  144  13:39  Viking, Marauder  
  151  13:42  Missile Turret  
  151  13:45  Viking  
  151  13:46  Supply Depot  
  155  13:48  Marauder  
  155  13:49  Refinery  
  155  13:54  Refinery, Medivac  
  157  14:00  Ghost  
  159  14:03  Planetary Fortress  
  159  14:08  Siege Tank  
  159  14:09  Viking, Ghost  
  166  14:10  Missile Turret  
  166  14:17  Viking  
  166  14:21  Missile Turret  
  168  14:24  Medivac  
  168  14:26  Missile Turret  
  168  14:28  Ghost  
  172  14:33  Missile Turret  
  172  14:37  Ghost  
  174  14:39  Viking, Siege Tank  
  179  14:48  Starport Tech Lab  
  179  14:49  Siege Tank  
  182  14:54  Viking  
  182  14:57  Ghost  
  188  15:07  Marauder  
  188  15:08  Raven  
  188  15:09  Viking  
  192  15:26  Marauder  
  192  15:27  Ghost  
  194  15:35  Thor  
  175  15:37  Marine  
  175  15:38  Marine  
  175  15:39  Marine  
  175  15:42  Raven  
  172  15:43  Thor  
  172  15:47  Marine  
  172  15:48  Viking  
  156  15:53  Viking  
  156  15:55  Marine  
  156  15:57  Marauder  
  156  15:58  Marine  
  156  16:00  Marine  
  156  16:02  Missile Turret  
  152  16:05  Marine  
  141  16:13  Marine  
  141  16:16  Viking  
  141  16:18  Marine, Siege Tank, Viking  
  131  16:20  Marine  
  131  16:22  Marine  
  131  16:23  Marauder, Viking  
  131  16:24  Barracks  
  139  16:26  Command Center  
  139  16:31  Marine  
  140  16:35  Ghost, Siege Tank  
  145  16:45  Marauder  
  145  16:46  Battlecruiser  
  153  16:48  Marine, Viking  
  153  16:53  Viking  
  158  16:55  Marine  
  158  16:57  Thor  
  165  17:02  Marine  
  166  17:09  Marauder  
  166  17:11  Marauder  
  170  17:18  Viking  
  172  17:23  Medivac  
  174  17:31  Marauder  
  174  17:32  Marauder  
  178  17:44  Marine  
  179  17:45  Refinery, Marine  
  179  17:48  Marine  
  179  17:50  Marine, Battlecruiser  
  188  17:52  Marauder  
  188  17:53  Refinery, Medivac  
  188  17:54  Marauder  
  194  18:13  Marauder  
  194  18:14  Ghost  
  198  18:35  Marauder  
  199  19:15  Marauder  
  200  19:24  Missile Turret  
  200  19:25  Planetary Fortress  
  200  19:28  SCV  
  200  19:30  SCV  
  196  19:32  SCV  
  196  19:33  SCV  
  196  19:34  SCV  
  196  19:36  Raven, Missile Turret  
  196  19:37  Marine  
  172  19:38  Command Center  
  172  19:39  Marine  
  172  19:40  SCV, Marine  
  172  19:43  Ghost  
  172  19:45  Marine  
  128  19:49  Marine  
  105  19:55  Marine  
  105  19:57  Marine, SCV  
  105  19:58  Marine  
  86  20:01  Missile Turret, SCV  
  86  20:03  Marine  
  86  20:05  SCV  
  86  20:06  SCV  
  79  20:07  Marine  
  79  20:08  SCV  
  79  20:09  SCV  
  79  20:13  Marine, SCV  
  79  20:15  Marine  
  79  20:16  Marine  
  79  20:17  Marine, SCV  
  79  20:19  SCV  
  79  20:20  Marine  
  78  20:22  SCV  
  78  20:25  Marine, SCV  
  78  20:26  Command Center, SCV  
  77  20:29  SCV, Siege Tank  
  77  20:31  Marine, SCV  
  77  20:32  Siege Tank  
  77  20:33  Refinery  
  77  20:34  Marine, SCV  
  79  20:37  Marine  
  79  20:38  SCV  
  79  20:39  Raven  
  79  20:40  Marauder  
  79  20:42  SCV  
  84  20:43  Marine  
  84  20:44  SCV, Marine  
  84  20:46  SCV  
  84  20:49  Marine  
  78  20:50  SCV  
  78  20:52  SCV, Marauder  
  78  20:54  SCV  
  76  20:57  Marine  
  76  20:58  SCV  
  76  20:59  Viking  
  76  21:00  Viking  
  76  21:01  SCV, Ghost, Siege Tank  
  76  21:02  SCV  
  82  21:06  SCV  
  82  21:07  SCV, Refinery, Siege Tank  
  82  21:08  Marine  
  82  21:11  SCV, Marine  
  79  21:13  SCV  
  79  21:14  Marine, SCV  
  79  21:15  Command Center  
  79  21:16  Marine  
  79  21:17  Marine  
  79  21:18  SCV  
  76  21:19  SCV  
  76  21:21  Refinery  
  76  21:23  SCV  
  72  21:26  Marine, SCV  
  72  21:31  SCV x2  
  64  21:35  SCV  
  56  21:43  SCV  
  40  21:47  SCV x2  
  40  21:49  Marauder  
  26  21:55  SCV  
  26  21:59  SCV  
  17  22:02  SCV  
  14  22:11  SCV  
  14  22:14  SCV  
  12  22:28  SCV x2  
  11  22:48  Command Center  
  11  23:17  Command Center  
  11  23:18  SCV x2  
  13  23:30  SCV  
  13  23:32  SCV  
  15  23:34  Refinery  
  15  23:42  SCV  
  15  23:45  SCV  
  17  23:54  SCV, Refinery  
  18  24:00  SCV x2  
  20  24:06  SCV  
  21  24:12  SCV  
  21  24:13  SCV  
  21  24:15  Command Center  
  23  24:29  SCV x2  
  23  24:30  SCV  
  26  24:37  Supply Depot  
  26  24:46  Refinery  
  26  24:51  SCV, Refinery  
  26  24:52  SCV  
  28  24:56  SCV  
  28  24:59  SCV  
  30  25:03  SCV  
  30  25:05  SCV  
  32  25:11  Refinery  
  32  25:17  Barracks  
  32  25:20  SCV  
  32  25:22  Barracks  
  32  25:27  SCV x2  
  32  25:28  Refinery, SCV  
  35  25:29  SCV  
  35  25:30  Supply Depot  
  35  25:32  SCV  
  37  25:39  SCV  
  37  25:41  SCV  
  39  25:49  Refinery  
  39  25:52  SCV x3  
  39  25:53  SCV x2  
  39  25:54  Supply Depot  
  44  26:04  Marine, SCV  
  46  26:07  Ghost Academy  
  46  26:08  Marine  
  47  26:12  Factory  
  47  26:14  Barracks  
  47  26:15  SCV  
  47  26:16  SCV x2  
  47  26:17  SCV  
  51  26:18  Supply Depot  
  51  26:22  Barracks Tech Lab  
  49  26:27  Barracks Reactor, SCV  
  49  26:29  SCV x2  
  49  26:30  Orbital Command  
  50  26:40  Marine  
  50  26:41  Orbital Command  
  50  26:42  Supply Depot  
  50  26:47  Engineering Bay  
  50  26:50  SCV  
  50  26:52  SCV  
  48  26:55  Engineering Bay  
  42  27:02  SCV, Command Center  
  33  27:14  SCV  
Tags
 
Add a new tag
Caveats
  • Supply blocks, unpowered buildings, or Contaminate may cause inaccurate times.
  • Supply counts are checked every 10 seconds.